 Dungeon Crawl Stone Soup version 0.20-a0-350-ga83eecc (webtiles) character file.

247 RonnieColeman the Conjurer (level 6, -10/36 HPs)
             Began as an Octopode Conjurer on Dec 23, 2016.
             Killed from afar by an orc wizard (13 damage)
             ... with a puff of flame
             ... on level 4 of the Dungeon.
             The game lasted 00:07:23 (3086 turns).

RonnieColeman the Conjurer (Octopode Conjurer)      Turns: 3086, Time: 00:07:24

Health: -10/36     AC:  1    Str:  7    XL:     6   Next: 11%
Magic:  6/13       EV: 13    Int: 19    God:
Gold:   150        SH:  0    Dex: 13    Spells: 9/14 levels left

rFire  . . .     SeeInvis +     j - +1 short sword (venom)
rCold  . . .     Gourm    .     (no shield)
rNeg   . . .     Faith    .     (helmet restricted)
rPois  .         Spirit   .     o - amulet of harm
rElec  .         Reflect  .     g - ring of flight
rCorr  .         Harm     +     A - ring of see invisible
MR     .....                    (no ring)
Stlth  +++.......               (no ring)
                                (no ring)
                                (no ring)
                                (no ring)
                                (no ring)

@: no status effects
A: almost no armour, stealthy swim, amphibious, 8 rings, constrict 8, camouflage
1, gelatinous body 1
a: Evoke Flight


You were on level 4 of the Dungeon.
You were not hungry.

You visited 1 branch of the dungeon, and saw 4 of its levels.

You collected 150 gold pieces.

Inventory:

Hand Weapons
 e - a +0 dagger of pain
 j - a +1 short sword of venom (weapon)
 z - a +0 trident
Jewellery
 g - a ring of flight (left tentacle)
 o - an amulet of harm (around mantle)
 A - a ring of see invisible (right tentacle)
Wands
 w - a wand of polymorph (6/24)
Scrolls
 c - a scroll of teleportation {unknown}
 d - 2 scrolls of enchant weapon {unknown}
 i - 2 scrolls of random uselessness {unknown}
 n - 2 scrolls of remove curse {unknown}
 p - 2 scrolls of identify {unknown}
 s - a scroll of blinking {unknown}
 y - a scroll of fear {unknown}
Potions
 f - a potion of mutation {unknown}
 h - 4 potions of curing {unknown}
 l - 3 potions of lignification {unknown}
 m - a potion of agility {unknown}
 q - a potion of might {unknown}
 t - a potion of cancellation {unknown}
 v - 2 potions of heal wounds {unknown}
Books
 a - a book of Conjurations

   Spells                             Type                      Level
   a - Magic Dart                     Conjuration                  1
   b - Searing Ray                    Conjuration                  2
   c - Dazzling Spray                 Conjuration/Hexes            3
   d - Fulminant Prism                Conjuration/Hexes            4
   e - Iskenderun's Mystic Blast      Conjuration                  4
   f - Iskenderun's Battlesphere      Conjuration/Charms           5
 u - a book of Cantrips

   Spells                             Type                      Level
   a - Confusing Touch                Hexes                        1
   b - Animate Skeleton               Necromancy                   1
   c - Summon Small Mammal            Summoning                    1
   d - Apportation                    Translocation                1
Comestibles
 b - 2 bread rations
 k - a meat ration
 r - 3 chunks of flesh
 x - a slice of pizza


   Skills:
 - Level 2.0 Dodging
 - Level 2.6 Stealth
 * Level 4.7 Spellcasting
 + Level 5.3 Conjurations


You had 9 spell levels left.
You knew the following spells:

 Your Spells              Type           Power        Failure   Level  Hunger
a - Magic Dart            Conj           ###.         1%          1    None
c - Iskenderun's Mystic   Conj           ###.....     14%         4    ####...


Dungeon Overview and Level Annotations

Branches:
Dungeon (4/15)
 Temple: D:4-7

Altars:
Gozag

Shops:
D:3 *


Innate Abilities, Weirdness & Mutations

You cannot wear most types of armour.
You are very stealthy in the water. (Stealth+)
You are amphibious.
You can wear up to eight rings at the same time.
You can use your tentacles to constrict eight enemies at once.
Your skin changes colour to match your surroundings (Stealth+).
Your rubbery body absorbs attacks. (AC +1, EV +1)


Message History

The orc priest is almost dead.
The orc priest mumbles some strange prayers to Beogh against you.
Pain shoots through your body!
* * * LOW HITPOINT WARNING * * *
An orc wizard comes into view. It is wielding a dagger.
Casting: Magic Dart
Confirm with . or Enter, or press ? or * to list all spells.
Aiming: Magic Dart
Press: ? - help, Shift-Dir - straight line, f/p - orc priest
Aim: an orc priest, wielding a short sword and wearing a leather armour (almost dead)
The magic dart hits the orc priest.
You kill the orc priest!
You have reached level 6!
Your experience leads to an increase in your attributes!
Increase (S)trength, (I)ntelligence, or (D)exterity?
You feel clever.
The orc wizard shouts!
The orc wizard points at you and mumbles some strange words.
The puff of flame hits you!
You die...

..> ## #. ...
..###. ...
...... ...
....#.####.#
...........##..
...............
#.@..# #...##
#....# ...##.#
....# ... ####?
.).. ## ..o.#
..<... ....


You could see an orc wizard.

Vanquished Creatures
  2 orc priests
  Terence (D:3)
  6 adders
  5 oozes
  A worm (D:3)
  4 dart slugs
  A leopard gecko (D:3)
  5 orcs (D:3)
  5 bats
  4 giant cockroaches
  8 goblins
  6 hobgoblins
  11 jackals
  3 kobolds
  A quokka (D:3)
  A ball python (D:3)
  A frilled lizard (D:2)
  7 rats
72 creatures vanquished.

Notes
Turn   | Place    | Note
-------+----------+-------------------------------------------
     0 | D:1      | RonnieColeman the Octopode Conjurer began the quest for the Orb.
     0 | D:1      | Reached XP level 1. HP: 11/11 MP: 3/3
    95 | D:1      | Reached XP level 2. HP: 13/17 MP: 5/5
   418 | D:1      | Reached XP level 3. HP: 18/21 MP: 7/7
  1299 | D:2      | Reached XP level 4. HP: 27/27 MP: 9/9
  1731 | D:3      | Reached skill level 5 in Conjurations
  1731 | D:3      | Reached XP level 5. HP: 12/31 MP: 10/10
  1743 | D:3      | Learned a level 4 spell: Iskenderun's Mystic Blast
  2232 | D:3      | Found a faded altar of an unknown god.
  2372 | D:3      | Noticed Terence
  2378 | D:3      | Killed Terence
  2472 | D:3      | Found Gozag's Platinum Reserve.
  2474 | D:3      | Found an opulent altar of Gozag.
  3085 | D:4      | Reached XP level 6. HP: 3/36 MP: 5/13
  3086 | D:4      | Killed from afar by an orc wizard

Vault maps used:
D:1:      shiori_arrival_oz
D:2:      corexii_leaking_fountain, kennysheep_decorative_pillar,
          corexii_hall_statues_t
D:3:      chequers_ecumenical_altar_simple_redux,
          nicolae_gozag_zags_fifth_avenue, uniq_terence
D:4:      serial_shops, shop

Skill      XL: |  1  2  3  4  5 |
---------------+----------------+-----
Spellcasting   | 3 4 |  4.7
Conjurations   | 5 |  5.3
Dodging        | |  2.0
Stealth        | |  2.6

Action                   |  1- 3 |  4- 6 || total
-------------------------+-------+-------++-------
Melee: Unarmed           |     7 |       ||     7
       Short sword       |    52 |    60 ||   112
       Constrict         |    12 |    20 ||    32
       Tentacles         |     7 |    16 ||    23
 Cast: Magic Dart        |     5 |    62 ||    67
       Iskenderun's Myst |       |     1 ||     1
 Stab: Sleeping          |     8 |     2 ||    10
       Distracted        |     1 |       ||     1
  Eat: Chunk             |     1 |     6 ||     7
Armor: Skin              |     4 |     5 ||     9
Dodge: Dodged            |    34 |    32 ||    66
